Map: Prion Terraces

Players

Harstem

  • Race: Protoss Protoss
  • League: Grandmaster

SortOf - Winner!

  • Race: Zerg Zerg
  • League: Grandmaster

Event: 2016 WCS Winter Challenger Europe

VOD

Have the link to the VOD?

Description

Time

  • Played on: Feb. 13, 2016, 12:06 p.m.
  • Length: 7:45

All games in this series

Show
View Real Time Build Order
Export as new Build Order

Harstem Protoss 

Build Orders:  

Get SALT Encoding   

  12  0:02  Probe (Chrono Boost)  
  13  0:12  Probe (Chrono Boost)  
  14  0:22  Pylon  
  14  0:23  Probe (Chrono Boost)  
  15  0:40  Probe (Chrono Boost)  
  16  0:51  Probe (Chrono Boost)  
  17  1:00  Gateway  
  17  1:01  Probe (Chrono Boost)  
  18  1:07  Assimilator  
  18  1:12  Probe (Chrono Boost)  
  19  1:22  Probe (Chrono Boost)  
  20  1:35  Pylon  
  20  1:38  Nexus  
  22  1:47  Zealot (Chrono Boost)  
  22  1:51  Gateway  
  22  2:00  Cybernetics Core  
  22  2:11  Zealot (Chrono Boost)  
  22  2:13  Probe  
  25  2:25  Probe  
  26  2:33  Assimilator  
  26  2:37  Probe (Chrono Boost)  
  25  2:49  Mothership Core (Chrono Boost)  
  25  2:50  Probe (Chrono Boost)  
  28  3:03  Probe (Chrono Boost)  
  29  3:07  Probe (Chrono Boost)  
  29  3:08  Adept (Chrono Boost)  
  32  3:15  Probe (Chrono Boost)  
  32  3:19  Probe (Chrono Boost)  
  34  3:22  Warp Gate  
  34  3:26  Probe (Chrono Boost)  
  35  3:29  Probe (Chrono Boost)  
  36  3:37  Probe (Chrono Boost)  
  36  3:40  Probe (Chrono Boost)  
  36  3:41  Robotics Facility  
  38  3:47  Probe (Chrono Boost)  
  39  3:51  Nexus  
  39  3:52  Probe (Chrono Boost)  
  40  3:57  Sentry  
  40  3:59  Probe (Chrono Boost)  
  40  4:00  Assimilator  
  40  4:02  Probe (Chrono Boost)  
  44  4:09  Probe (Chrono Boost)  
  45  4:13  Probe (Chrono Boost)  
  46  4:29  Pylon  
  46  4:31  Pylon  
  46  4:33  Pylon  
  46  4:34  Assimilator  
  46  4:46  Probe  
  46  4:47  Probe  
  46  4:48  Immortal (Chrono Boost)  
  46  4:49  Pylon  
  46  4:51  Pylon  
  52  4:55  Gateway  
  52  4:56  Probe  
  52  4:58  Gateway  
  52  4:59  Probe  
  54  5:02  Probe  
  55  5:07  Probe  
  58  5:19  Gateway  
  56  5:21  Gateway x2  
  56  5:22  Immortal (Chrono Boost)  
  56  5:24  Probe  
  56  5:26  Probe  
  56  5:27  Probe  
  62  5:32  Sentry  
  62  5:35  Probe  
  65  5:36  Gateway  
  65  5:37  Gateway  
  65  5:38  Probe  
  67  5:43  Probe  
  67  5:45  Probe  
  69  5:50  Sentry, Forge  
  69  5:54  Gateway  
  69  5:56  Probe x2, Warp Prism (Chrono Boost)  
  69  5:57  Probe, Pylon  
  73  6:01  Sentry x2  
  80  6:07  Probe  
  81  6:12  Probe, Pylon  
  81  6:14  Sentry  
  81  6:17  Stalker x2  
  81  6:18  Stalker  
  90  6:25  Probe  
  90  6:27  Probe  
  90  6:31  Probe, Stalker x2  
  96  6:33  Pylon  
  96  6:35  Twilight Council  
  96  6:39  Assimilator  
  97  6:40  Stalker  
  97  6:41  Stalker  
  101  6:47  Adept x2  
  101  6:50  Adept  
  101  6:54  Adept x2  
  111  6:55  Probe  
  111  6:57  Probe  
  111  6:58  Assimilator  
  111  6:59  Adept x2  
  117  7:08  Adept x2  
  121  7:09  Adept  
  121  7:10  Adept  
  121  7:13  Pylon  
  125  7:17  Pylon  
  111  7:25  Adept x4  
  101  7:34  Stalker  
  101  7:35  Stalker x3  
  92  7:42  Stalker  
Show
View Real Time Build Order
Export as new Build Order

SortOf Zerg - Winner!

Build Orders: Pool First 

Get SALT Encoding   

  12  0:18  Spawning Pool  
  11  0:22  Drone  
  12  0:29  Drone  
  12  0:31  Drone  
  14  0:40  Overlord  
  14  1:05  Zergling x4  
  14  1:06  Zergling x2, Queen  
  19  1:17  Zergling x2  
  20  1:29  Hatchery  
  19  1:34  Drone  
  20  1:42  Drone  
  21  1:53  Overlord  
  21  2:02  Drone  
  22  2:13  Drone  
  23  2:22  Drone x3  
  26  2:27  Queen  
  27  2:41  Drone  
  27  2:42  Drone, Hatchery  
  27  2:50  Drone  
  28  2:54  Drone  
  28  2:55  Drone  
  30  3:01  Drone  
  30  3:03  Drone  
  31  3:09  Queen  
  33  3:16  Overlord  
  33  3:17  Drone x2  
  35  3:23  Extractor  
  35  3:25  Extractor  
  35  3:26  Drone  
  34  3:27  Zergling x2  
  34  3:34  Overlord  
  35  3:35  Zergling x2  
  35  3:36  Zergling x2  
  35  3:40  Drone x3  
  35  3:41  Drone x3  
  43  3:54  Drone x2  
  45  3:55  Queen  
  45  3:59  Overlord  
  45  4:02  Drone, Queen  
  50  4:17  Zergling x2  
  50  4:20  Drone x2  
  50  4:21  Zergling x2  
  50  4:22  Drone  
  50  4:23  Drone x2  
  53  4:25  Drone x2  
  53  4:27  Drone x2  
  53  4:29  Metabolic Boost  
  57  4:34  Overlord  
  57  4:39  Drone x2  
  57  4:43  Drone x2  
  57  4:44  Drone  
  62  4:45  Lair  
  62  4:48  Overlord  
  62  4:55  Drone x2, Roach Warren, Extractor  
  62  4:56  Extractor  
  62  4:57  Extractor, Evolution Chamber  
  59  5:00  Overlord  
  59  5:09  Drone x7  
  59  5:10  Drone  
  67  5:17  Drone x3  
  70  5:26  Overlord, Zerg Missile Weapons Level 1, Hatchery  
  70  5:27  Drone  
  70  5:30  Drone x4  
  70  5:33  Extractor  
  75  5:35  Roach  
  75  5:42  Roach x2  
  79  5:45  Roach x5  
  79  5:47  Overlord  
  79  5:49  Glial Reconstitution  
  88  5:51  Hydralisk Den  
  88  5:54  Drone  
  88  5:56  Overlord x2, Extractor  
  87  5:58  Overseer  
  87  6:04  Spire  
  86  6:11  Drone  
  86  6:12  Drone x2  
  86  6:13  Roach  
  86  6:14  Roach x3  
  86  6:16  Ravager x2  
  86  6:17  Overlord  
  86  6:18  Overlord  
  99  6:20  Zergling x6  
  102  6:30  Muscular Augments, Hydralisk x2  
  102  6:32  Drone x2  
  108  6:34  Hydralisk  
  108  6:35  Hydralisk  
  108  6:37  Zergling x2  
  113  6:44  Overseer  
  113  6:45  Drone  
  114  6:48  Hydralisk, Extractor  
  114  6:49  Hydralisk x2  
  114  6:50  Zergling x12  
  125  6:57  Ravager  
  125  6:58  Ravager  
  125  7:00  Hydralisk  
  130  7:01  Zergling x12  
  130  7:02  Zergling x2  
  136  7:12  Overlord x2  
  134  7:19  Hydralisk x4  
  134  7:20  Hydralisk  
Tags
 
Add a new tag
Caveats
  • Supply blocks, unpowered buildings, or Contaminate may cause inaccurate times.
  • Supply counts are checked every 10 seconds.